 Zot Defence DCSS version 0.15.2 (webtiles) character file.

473 JustSomeDude the Insei (level 6, 0/1 (49) HPs)
             Began as a Demonspawn Monk on Jan 1, 2016.
             Was a Priest of Jiyva.
             Rotted away (a hound)
             ... in the Realm of Zot (Scenario I: Hall of Zot).
             The game lasted 00:05:38 (651 turns).

JustSomeDude the Insei (Demonspawn Monk)             Turns: 651, Time: 00:05:38

HP   0/1 (49)    AC  4     Str 12      XL: 6   Next: 83%
MP   6/6         EV 14     Int 11      God: Jiyva [***...]
Gold 0           SH  2     Dex 17      Spells:  0 memorised,  5 levels left

rFire  + . .     SeeInvis .     i - +0 short sword
rCold  . . .     Clarity  .     a - +0 robe
rNeg   . . .     rCorr    +     (no shield)
rPois  .         rRot     .     (no helmet)
rElec  .         Spirit   .     (no cloak)
SustAb .         Warding  .     (no gloves)
rMut   .         Stasis   .     (no boots)
Gourm  .                        (no amulet)
MR     .....                    (no ring)
                                (no ring)

@: not resistant to hostile enchantments, unstealthy
A: claws 1, large bone plates 1, fire resistance 1
a: Make oklob sapling, Make arrow trap, Make plant, Remove Curse, Make burning
bush, Make altar, Make grenades, Request Jelly, Jelly Paralyse, Renounce
Religion


You were in the Realm of Zot.
You worshipped Jiyva.
Jiyva was most pleased with you.
You were not hungry.

You visited 1 branch

Inventory:

Hand weapons
 i - a +0 short sword (weapon)
Armour
 a - a +0 robe (worn)
Comestibles
 c - a bread ration
Scrolls
 h - a scroll of blinking
Potions
 b - 3 potions of curing
 d - a potion of heal wounds
 e - a potion of haste
 f - 2 potions of magic
 g - a potion of berserk rage


   Skills:
 + Level 4.7 Fighting
 + Level 0.3 Short Blades
 + Level 3.9 Dodging
 - Level 1.7 Stealth
 + Level 6.0 Unarmed Combat


You had 5 spell levels left.
You didn't know any spells.

Dungeon Overview and Level Annotations

Branches:
    Zot (1/1)

Altars:
Jiyva


Innate Abilities, Weirdness & Mutations

You have sharp fingernails.
You are partially covered in large bone plates (AC +2, SH +2).
Your flesh is heat resistant.


Message History

Your flesh rots away as the Orb of Zot is desecrated.
You hit the hound.
Your flesh rots away as the Orb of Zot is desecrated. x2
The hound is moderately wounded.
Your flesh rots away as the Orb of Zot is desecrated. x2
Unknown command.
You miss the hound.
Your flesh rots away as the Orb of Zot is desecrated.
The hound is moderately wounded.
The quokka completely misses you.
Your flesh rots away as the Orb of Zot is desecrated. x2
Unknown command.
You hit the hound.
Your flesh rots away as the Orb of Zot is desecrated. x2
The hound is heavily wounded.
Your flesh rots away as the Orb of Zot is desecrated. x2
Unknown command.
Your flesh rots away as the Orb of Zot is desecrated.
Ouch! That really hurt!
You die...

########## ######## .....####
####... ........### ###......
..........## ##........
...........# ▓▓▓▓▓▓▓▓▓ #.........
...........▓▓▓.......▓▓▓.........
...........▓▓.........▓▓.........
...........▓.....r.....▓.........
................@h...............
.....J.....▓.....r.....▓.........
...........▓▓.........▓▓.........
...........▓▓▓.......▓▓▓.........
...........▓ ▓▓▓▓▓▓▓▓▓ ▓.........
..........▓▓ ▓▓........
........▓▓▓ ▓▓▓...... .....▓▓▓▓
▓▓▓▓... ▓▓▓▓▓▓▓▓▓ ▓▓▓▓▓▓▓


You could see a hound and 2 quokkas.

Vanquished Creatures
  A big kobold (Zot)
  A hound skeleton (Zot)
  An ooze (Zot)
  5 ball pythons (Zot)
  A bat (Zot)
  A jackal (Zot)
  2 giant newts (Zot)
  7 goblins (Zot)
  3 kobolds (Zot)
22 creatures vanquished.

Vanquished Creatures (collateral kills)
  A phantom (Zot)
  An iguana (Zot)
  An adder (Zot)
  A gnoll (Zot)
  A worm (Zot)
  5 oozes (Zot)
  A kobold (Zot)
  2 quokkas (Zot)
  A ball python (Zot)
  A giant cockroach (Zot)
  A goblin (Zot)
  4 rats (Zot)
20 creatures vanquished.

Vanquished Creatures (others)
  A burning bush (Zot)
  An adder (Zot)
  An ooze (Zot)
  A hobgoblin (Zot)
  2 kobolds (Zot)
  A jackal (Zot)
  A rat (Zot)
  A plant (Zot)
9 creatures vanquished.

Grand Total: 51 creatures vanquished

Notes
Turn   | Place    | Note
--------------------------------------------------------------
     0 | Zot      | JustSomeDude, the Demonspawn Monk, began the quest for the Orb.
     0 | Zot      | Reached XP level 1. HP: 18/18 MP: 1/1
   214 | Zot      | Noticed Skamopal
   235 | Zot      | Gained mutation: You have sharp fingernails. [demonic ancestry]
   235 | Zot      | Reached XP level 2. HP: 24/24 MP: 2/2
   266 | Zot      | Killed Skamopal the big kobold
   266 | Zot      | Reached skill level 4 in Fighting
   266 | Zot      | Reached skill level 5 in Unarmed Combat
   266 | Zot      | Gained mutation: You are partially covered in large bone plates (AC +2, SH +2). [demonic ancestry]
   266 | Zot      | Reached XP level 3. HP: 28/30 MP: 3/3
   266 | Zot      | Reached XP level 4. HP: 34/37 MP: 4/4
   266 | Zot      | Reached XP level 5. HP: 38/42 MP: 5/5
   428 | Zot      | Gained mutation: Your flesh is heat resistant. [demonic ancestry]
   428 | Zot      | Reached XP level 6. HP: 48/48 MP: 6/6
   436 | Zot      | Became a worshipper of Jiyva Junt the Shapeless
   436 | Zot      | Acquired Jiyva's first power
   436 | Zot      | Acquired Jiyva's second power
   609 | Zot      | Reached skill level 6 in Unarmed Combat
   651 | Zot      | Rotted away (a hound)

Action                   |  1- 3 |  4- 6 || total
-------------------------+-------+-------++-------
Melee: Unarmed           |    41 |    24 ||    65
       Short sword       |       |    49 ||    49
 Abil: Make plant        |       |     1 ||     1
       Make burning bush |       |     1 ||     1
       Make altar        |       |     1 ||     1
